Map: [ESL] Altitude

Players

Lambo - Winner!

  • Race: Zerg Zerg
  • Spawn Location: 1:00

Has

  • Race: Protoss Protoss
  • Spawn Location: 7:00

Event: ESL SC2 Masters 2023 Summer (Finals)

VOD

Have the link to the VOD?

Description

Time

  • Played on: June 17, 2023, 6:39 a.m.
  • Length: 10:03

All games in this series

Show
View Real Time Build Order
Export as new Build Order

Lambo Zerg - Winner!

Build Orders: Hatch First 

Get SALT Encoding   

  12  0:00  Drone  
  13  0:12  Overlord  
  13  0:17  Drone  
  14  0:30  Drone x2  
  16  0:49  Hatchery  
  15  0:51  Drone  
  15  0:56  Drone  
  17  0:59  Drone  
  18  1:11  Extractor  
  18  1:14  Spawning Pool  
  18  1:18  Drone  
  17  1:21  Drone  
  18  1:27  Drone  
  19  1:38  Drone  
  20  1:49  Drone  
  21  2:01  Queen x2  
  23  2:03  Zergling x2  
  23  2:04  Overlord  
  26  2:11  Metabolic Boost  
  26  2:21  Zergling x2  
  26  2:22  Zergling x4  
  29  2:32  Drone  
  31  2:37  Drone x2  
  31  2:43  Drone  
  33  2:48  Hatchery  
  33  2:49  Overlord  
  32  2:54  Queen  
  32  2:58  Drone  
  35  3:00  Drone  
  36  3:08  Drone x2  
  36  3:11  Queen  
  40  3:16  Drone x2  
  40  3:17  Drone  
  40  3:19  Drone  
  44  3:31  Overlord  
  44  3:32  Overlord  
  44  3:40  Overlord  
  44  3:49  Queen x2  
  44  3:50  Drone  
  44  3:51  Drone x4  
  53  3:58  Drone, Roach Warren  
  53  4:00  Drone  
  54  4:03  Extractor  
  54  4:04  Drone x2  
  54  4:08  Drone  
  54  4:09  Drone  
  57  4:13  Overlord  
  57  4:14  Zergling x2  
  57  4:16  Drone  
  59  4:17  Drone  
  59  4:19  Overlord  
  59  4:23  Drone x2  
  62  4:32  Overlord  
  62  4:35  Drone x2, Overlord  
  62  4:36  Drone x2  
  62  4:38  Roach  
  68  4:42  Drone  
  68  4:43  Extractor  
  68  4:46  Roach x2  
  68  4:51  Roach x3  
  78  4:53  Spore Crawler  
  78  4:55  Roach  
  79  5:00  Lair  
  79  5:01  Drone  
  79  5:05  Roach  
  82  5:07  Drone  
  82  5:09  Roach, Zergling x4  
  87  5:15  Overlord  
  87  5:18  Roach  
  87  5:20  Overlord  
  89  5:21  Roach x2  
  89  5:22  Extractor  
  89  5:25  Overlord  
  89  5:27  Roach x2  
  96  5:30  Roach  
  96  5:32  Overlord  
  98  5:36  Roach x2  
  98  5:40  Roach x2  
  98  5:42  Roach  
  108  5:46  Roach  
  110  5:52  Roach, Zergling x2  
  110  5:53  Roach, Zergling x4  
  110  5:56  Drone  
  118  5:57  Overlord  
  118  6:03  Overlord  
  118  6:05  Ravager  
  118  6:06  Zergling x8  
  118  6:09  Glial Reconstitution  
  123  6:12  Roach, Zergling x2  
  123  6:17  Roach x2  
  130  6:27  Overseer  
  130  6:33  Roach x6  
  130  6:35  Drone, Overlord  
  130  6:37  Overlord  
  143  6:40  Overlord  
  143  6:43  Roach  
  145  6:48  Overlord  
  145  6:51  Extractor, Drone, Overlord  
  145  6:56  Overseer  
  145  6:59  Roach  
  145  7:00  Roach x3  
  153  7:03  Roach x2  
  153  7:05  Roach  
  159  7:10  Ravager  
  159  7:11  Ravager  
  159  7:15  Zergling x12  
  166  7:16  Ravager  
  166  7:18  Zergling x4  
  169  7:23  Zergling x6  
  169  7:24  Ravager  
  169  7:27  Roach x2  
  179  7:30  Roach  
  179  7:38  Roach x3  
  179  7:40  Overlord  
  185  7:44  Overlord  
  185  7:46  Overlord  
  185  7:47  Overlord  
  185  7:50  Zergling x2  
  182  7:55  Roach  
  184  8:02  Roach x4  
  179  8:06  Zergling x2  
  179  8:07  Zergling x6  
  179  8:08  Zergling x2, Overseer  
  179  8:11  Zergling x4  
  159  8:13  Zergling x2  
  159  8:14  Zergling x2  
  159  8:16  Zergling x4  
  159  8:19  Ravager  
  161  8:22  Zergling x2  
  161  8:23  Zergling x6  
  161  8:24  Ravager  
  165  8:28  Zergling x6  
  167  8:37  Zergling x6  
  167  8:38  Ravager  
  167  8:41  Roach x2  
  175  8:42  Ravager  
  175  8:44  Roach x2  
  175  8:46  Roach  
  175  8:47  Zergling x2  
  183  8:53  Roach x3, Overseer x2  
  173  9:04  Roach x4  
  173  9:06  Roach x2  
  181  9:11  Roach x2  
  181  9:15  Roach x2  
  181  9:17  Overseer x2  
  185  9:19  Roach  
  185  9:23  Zergling x8  
  187  9:24  Ravager x2  
  187  9:28  Zergling x4  
  187  9:30  Ravager x2  
  182  9:31  Zergling x4, Overseer x2  
  175  9:40  Roach x3  
  175  9:43  Roach  
Show
View Real Time Build Order
Export as new Build Order

Has Protoss 

Build Orders:  

Get SALT Encoding   

  12  0:00  Probe  
  13  0:13  Probe  
  14  0:21  Pylon  
  14  0:25  Probe  
  15  0:39  Probe (Chrono Boost)  
  15  0:40  Gateway  
  16  0:51  Probe (Chrono Boost), Assimilator  
  17  0:58  Probe (Chrono Boost)  
  18  1:05  Probe  
  18  1:09  Pylon  
  19  1:18  Probe  
  20  1:25  Zealot (Chrono Boost)  
  20  1:28  Cybernetics Core  
  20  1:31  Probe  
  23  1:32  Assimilator  
  23  1:43  Probe  
  23  1:45  Gateway  
  24  1:56  Probe  
  25  2:02  Adept (Chrono Boost)  
  25  2:04  Warp Gate  
  28  2:20  Nexus  
  27  2:23  Probe  
  27  2:24  Sentry  
  30  2:36  Pylon  
  30  2:37  Probe  
  31  2:45  Shield Battery  
  31  2:54  Probe  
  31  2:57  Adept  
  34  3:02  Robotics Facility  
  34  3:18  Gateway  
  34  3:19  Gateway  
  34  3:28  Twilight Council  
  34  3:32  Probe  
  34  3:34  Probe  
  36  3:48  Immortal (Chrono Boost)  
  36  3:54  Probe  
  36  3:55  Probe  
  41  4:02  Pylon  
  41  4:06  Probe  
  41  4:07  Probe  
  43  4:10  Blink  
  43  4:18  Probe  
  43  4:19  Probe  
  43  4:23  Stalker  
  47  4:27  Warp Prism (Chrono Boost)  
  47  4:30  Probe  
  50  4:31  Probe  
  50  4:37  Gateway  
  51  4:39  Pylon  
  51  4:42  Probe  
  51  4:45  Forge  
  52  4:46  Probe  
  52  4:52  Assimilator  
  53  4:54  Observer (Chrono Boost)  
  53  4:58  Probe x2  
  56  5:01  Pylon  
  56  5:06  Zealot  
  56  5:07  Zealot x2  
  62  5:11  Protoss Ground Weapons Level 1 (Chrono Boost)  
  62  5:17  Pylon  
  62  5:19  Probe  
  63  5:22  Probe  
  63  5:25  Gateway  
  63  5:26  Pylon  
  64  5:29  Nexus  
  64  5:34  Probe  
  65  5:36  Probe  
  65  5:37  Stalker  
  65  5:38  Sentry  
  65  5:42  Observer  
  70  5:43  Photon Cannon  
  70  5:46  Probe  
  70  5:47  Pylon  
  71  5:50  Stalker  
  71  5:51  Sentry  
  71  5:54  Probe  
  76  6:00  Probe  
  76  6:01  Gateway  
  78  6:13  Probe  
  78  6:15  Stalker x4  
  78  6:17  Probe  
  78  6:18  Observer  
  87  6:22  Stalker  
  90  6:29  Probe  
  90  6:30  Immortal (Chrono Boost)  
  94  6:34  Pylon  
  94  6:36  Pylon  
  94  6:40  Observer  
  94  6:44  Stalker x2  
  94  6:45  Probe  
  94  6:46  Probe x2  
  101  6:53  Stalker  
  101  6:54  Stalker  
  105  6:58  Probe, Gateway  
  105  6:59  Probe, Gateway  
  108  7:08  Charge (Chrono Boost)  
  108  7:10  Probe  
  108  7:12  Probe  
  108  7:13  Probe  
  110  7:16  Assimilator  
  110  7:19  Pylon  
  110  7:22  Probe  
  111  7:24  Probe, Stalker  
  111  7:25  Stalker x2  
  111  7:27  Zealot  
  111  7:28  Zealot x2  
  111  7:29  Probe  
  125  7:33  Photon Cannon  
  125  7:37  Probe  
  126  7:39  Pylon  
  126  7:42  Pylon  
  126  7:43  Pylon  
  126  7:47  Probe  
  127  7:55  Stalker x3  
  133  8:03  Stalker x4  
  85  8:21  Stalker x2  
  85  8:25  Stalker x3  
  93  8:27  Zealot x3  
  93  8:32  Probe x3  
  91  8:48  Stalker x3  
  91  8:49  Zealot x3  
  91  8:50  Zealot x2  
  93  9:11  Stalker x3  
  94  9:19  Stalker x4  
  96  9:34  Stalker x3  
  102  9:42  Zealot x2  
  83  9:58  Zealot x3  
Tags
 
Add a new tag
Caveats
  • Supply blocks, unpowered buildings, or Contaminate may cause inaccurate times.
  • Supply counts are checked every 10 seconds.